 Dungeon Crawl Stone Soup version 0.22.1-1-ga44c0e5 (webtiles) character file.

74 Folque the Bolt Thrower (level 4, -2/28 HPs)
             Began as a Kobold Hunter on Sept 24, 2018.
             Killed from afar by an orc wizard (12 damage)
             ... with a puff of flame
             ... on level 3 of the Dungeon.
             The game lasted 00:04:54 (2054 turns).

Folque the Bolt Thrower (Kobold Hunter)             Turns: 2054, Time: 00:04:55

Health: -2/28      AC:  3    Str:  9    XL:     4   Next: 52%
Magic:  4/4        EV: 14    Int: 12    God:
Gold:   145        SH:  0    Dex: 16    Spells: 3/3 levels left

rFire    . . .     SeeInvis .   e - +0 short sword
rCold    . . .     Gourm    .   (shield restricted)
rNeg     . . .     Faith    .   c - +0 leather armour
rPois    .         Spirit   .   (no helmet)
rElec    .         Reflect  .   (no cloak)
rCorr    .         Harm     .   (no gloves)
MR       .....                  (no boots)
Stlth    ++........             (no amulet)
HPRegen  0.09/turn              (no ring)
MPRegen  0.09/turn              (no ring)

@: no status effects
A: small, carnivore
a: no special abilities


You were on level 3 of the Dungeon.
You were completely stuffed.

You visited 1 branch of the dungeon, and saw 3 of its levels.

You collected 145 gold pieces.

Inventory:

Hand Weapons
 e - a +0 short sword (weapon)
 i - a +0 spear
 k - a +0 whip
 w - a +1 hand crossbow
Missiles
 d - 14 bolts
 n - 5 poisoned needles
Armour
 c - a +0 leather armour (worn)
Jewellery
 a - an uncursed ring of protection from magic {unknown}
 o - an uncursed amulet of faith {unknown}
Scrolls
 b - a scroll of enchant weapon {unknown}
 h - a scroll of amnesia {unknown}
 j - a scroll of immolation {unknown}
 m - a scroll of teleportation {unknown}
 p - a scroll of identify {unknown}
 q - 2 scrolls of remove curse {unknown}
 r - a scroll of noise {unknown}
Potions
 g - a potion of curing {unknown}
 l - a potion of ambrosia {unknown}
 s - a potion of might {unknown}
 t - a potion of heal wounds
Comestibles
 f - 3 rations
 u - 2 chunks of flesh


   Skills:
 + Level 3.0 Fighting
 + Level 5.4 Crossbows
 - Level 2.4 Dodging
 * Level 4.1 Stealth


You had 3 spell levels left.
You didn't know any spells.
Your spell library was empty.

Dungeon Overview and Level Annotations

Branches:
Dungeon (3/15)

Altars:
Okawaru
Sif Muna


Innate Abilities, Weirdness & Mutations

You are small and have problems with some larger weapons.
You are carnivorous and can eat meat at any time.


Message History

The orc wizard misses you.
Firing (i - inventory)
d - 15 bolts (quivered)
Press: ? - help, Shift-Dir - straight line You shoot a bolt.
The bolt hits the orc wizard.
The orc wizard is severely wounded.
The orc wizard casts a spell.
The orc wizard flickers and vanishes!
Wield which item (- for none, * to show all)? (? for menu, Esc to quit)
e - a +0 short sword (weapon)
You hear some strange, mumbled words.
A magic dart appears from out of thin air!
The magic dart hits you!
You barely miss something.
The orc drinks a potion.
The orc suddenly seems more resistant.
Something hits you but does no damage.
You miss something.
You hear some strange, mumbled words.
A puff of flame appears from out of thin air!
The puff of flame hits you!
You die...

#..........#
#..#.♣)♣.#..#
#...........#
......#.#####
####.##.# #.##.###
##......##
...........######..
####....#..@o.o...#
#...##.####.(...
#......# ...
#.#.#### . #.#. #


You could see 2 orcs.

Vanquished Creatures
  3 adders (D:2)
  An ooze (D:2)
  A leopard gecko (D:1)
  An orc (D:3)
  4 bats
  3 giant cockroaches
  5 goblins
  A hobgoblin (D:1)
  4 jackals (D:1)
  9 kobolds
  A frilled lizard (D:1)
  A leopard gecko skeleton (D:2)
  6 rats
40 creatures vanquished.

Notes
Turn   | Place    | Note
-------+----------+-------------------------------------------
     0 | D:1      | Folque the Kobold Hunter began the quest for the Orb.
     0 | D:1      | Reached XP level 1. HP: 12/12 MP: 1/1
   261 | D:1      | Reached skill level 5 in Crossbows
   323 | D:1      | Reached XP level 2. HP: 16/18 MP: 2/2
  1074 | D:2      | Reached XP level 3. HP: 22/22 MP: 3/3
  1162 | D:2      | Reached XP level 4. HP: 25/27 MP: 4/4
  1531 | D:2      | Found a deep blue altar of Sif Muna.
  2012 | D:3      | Found an iron altar of Okawaru.
  2054 | D:3      | Killed from afar by an orc wizard

Skill      XL: |  1  2  3  4 |
---------------+-------------+-----
Crossbows      | 5 |  5.4
Stealth        | 3 4 |  4.1
Fighting       | 3 |  3.0
Dodging        | |  2.4

Action                   |  1- 3 |  4- 6 || total
-------------------------+-------+-------++-------
Melee: Short sword       |    60 |    62 ||   122
 Fire: Hand crossbow     |    14 |    12 ||    26
  Use: Potion            |       |     2 ||     2
 Stab: Sleeping          |       |     4 ||     4
  Eat: Chunk             |     5 |     7 ||    12
Armor: Leather armour    |    16 |     8 ||    24
       Skin              |       |    19 ||    19
Dodge: Dodged            |    52 |    43 ||    95
